 Dungeon Crawl Stone Soup version 0.28-a0-1510-gd0f6b136d3 (webtiles) character file.

Game seed: 15993595346737825816

17 Armakuni the Caller (level 2, -1/22 HPs)
             Began as a Human Summoner on Jan 14, 2022.
             Killed from afar by a dart slug (3 damage)
             ... with a slug dart
             ... on level 2 of the Dungeon.
             The game lasted 00:02:41 (861 turns).

Armakuni the Caller (Human Summoner)                 Turns: 861, Time: 00:02:42

Health: -1/22      AC:  2    Str:  8    XL:     2   Next: 80%
Magic:  1/5        EV: 12    Int: 15    God:
Gold:   72         SH:  0    Dex: 13    Spells: 4/5 levels left

rFire   . . .      SeeInvis .   a - +0 long sword
rCold   . . .      Faith    .   (no shield)
rNeg    . . .      Spirit   .   e - +0 robe
rPois   .          Reflect  .   (no helmet)
rElec   .          Harm     .   (no cloak)
rCorr   .          Rampage  .   (no gloves)
Will    .....                   (no boots)
Stlth   ++........              (no amulet)
HPRegen 0.07/turn               (no ring)
MPRegen 0.09/turn               (no ring)

@: flying
A: no striking features
a: no special abilities


You were on level 2 of the Dungeon.
You visited 1 branch of the dungeon, and saw 2 of its levels.

You collected 72 gold pieces.

Inventory:

Hand Weapons
 a - a +0 long sword (weapon)
Armour
 e - a +0 robe (worn)
Scrolls
 d - a scroll of blinking {unknown}


   Skills:
 + Level 2.0 Fighting
 + Level 0.2 Long Blades
 - Level 2.0 Dodging
 - Level 2.0 Stealth
 - Level 2.0 Spellcasting
 + Level 4.0 Summonings


You had 4 spell levels left.
You knew the following spells:

 Your Spells              Type           Power      Damage    Failure   Level
a - Summon Small Mammal   Summ           52%        N/A       4%          1

Your spell library contained the following spells:

 Spells                   Type           Power      Damage    Failure   Level
 Call Imp                 Summ           13%        N/A       6%          2
 Call Canine Familiar     Summ           13%        N/A       13%         3
 Summon Guardian Golem    Hex/Summ       7%         N/A       28%         3
 Summon Lightning Spire   Summ/Air       7%         N/A       67%         4


Dungeon Overview and Level Annotations

Branches:
Dungeon (2/15)

Altars:


Message History

The dart slug bites you but does no damage.
It was a potion of flight.
You feel very buoyant.
You fly up into the air.
The bat hits you but does no damage.
Your bat hits the bat but does no damage.
The bat hits your bat. The quokka barely misses you.
Your rat misses the bat.
The dart slug bites you but does no damage.
The bat hits you but does no damage. The dart slug bites you.
The quokka closely misses you.
You slash the dart slug!
The dart slug is almost dead.
The bat barely misses your bat.
Your bat hits the bat but does no damage.
The bat barely misses your rat.
Your bat hits the dart slug but does no damage.
Your rat closely misses the bat.
The quokka barely misses you. The bat misses you.
The dart slug launches a dart at you. The slug dart hits you.
The dart slug barely misses you.
You hit the dart slug.
You kill the dart slug!
The bat misses you.
The bat hits your rat but does no damage.
Your bat misses the bat. The quokka barely misses you.
Your rat bites the bat.
The bat dies!
The quokka bites you. The dart slug bites you.
* * * LOW HITPOINT WARNING * * *
The quokka bites your rat.
Your rat dies!
Your rat's corpse disappears in a puff of smoke!
Casting: Summon Small Mammal (safe; 4% risk of failure)
Press: ? - help, Q - select action Dir - look around, f - activate Your bat hits the dart slug but does no damage.
The quokka bites you.
* * * LOW HITPOINT WARNING * * *
Your bat hits the dart slug but does no damage.
Your bat hits the dart slug. The dart slug launches a dart at you.
The slug dart hits you.
You die...

...
#####...#
##........#
##.........#
#..........#
#...........
#....b......
#.@.wb......
#...r.......
#.........$.
##..........
##.....#...
####### ##


You could see a dart slug (ally target), a quokka and 2 friendly bats.

Vanquished Creatures
  A dart slug (D:2)
  An endoplasm (D:1)
  A giant cockroach (D:1)
  A rat (D:1)
4 creatures vanquished.

Vanquished Creatures (collateral kills)
  2 ball pythons
  A giant cockroach (D:1)
  A hobgoblin (D:1)
  A jackal (D:2)
  A quokka (D:1)
  2 bats
  2 rats (D:1)
10 creatures vanquished.

Vanquished Creatures (others)
  4 demonic plants (D:2)
  3 fungi (D:2)
  2 plants (D:2)
  A withered plant (D:2)
10 creatures vanquished.

Grand Total: 24 creatures vanquished

Notes
Turn   | Place    | Note
-------+----------+-------------------------------------------
     0 | D:1      | Armakuni the Human Summoner began the quest for the Orb.
     0 | D:1      | Reached XP level 1. HP: 13/13 MP: 3/3
   275 | D:1      | Reached skill level 1 in Fighting
   347 | D:2      | Reached XP level 2. HP: 5/21 MP: 0/5
   861 | D:2      | Killed from afar by a dart slug

Illustrated notes

Levels and vault maps discovered:
D:1:      amcnicky_arrival_choice, layout_loops_cross, minmay_pentomino_t2
D:2:      layout_rooms, shapermc_ecumenical_altar_gd, serial_shops, shop

Skill      XL: |  1  2 |
---------------+-------+-----
Fighting       | 1 2 |  2.0
Long Blades    | |  0.2
Dodging        | |  2.0
Stealth        | |  2.0
Spellcasting   | |  2.0
Summonings     | |  4.0

Action                   || total
-------------------------++-------
Melee: Unarmed           ||     3
       Club              ||     5
       Long sword        ||     7
       Mace              ||     6
 Cast: Summon Small Mamm ||    19
  Use: Scroll            ||     2
       Potion            ||     1
 Stab: Sleeping          ||     1
Armor: Robe              ||    19
Dodge: Dodged            ||    49

Table legend: (Time is in decaauts)
 A = Elapsed time spent in this place.
 B = Non-inter-level travel time spent in this place.
 C = Inter-level travel time spent in this place.
 D = Time resting spent in this place.
 E = Time spent auto-exploring this place.
 F = Levels seen in this place.
 G = Mean time per level.
                   A        B        C        D        E       F      G
               +--------+--------+--------+--------+--------+-----+--------+
         Total |    868 |    868 |      0 |    413 |    188 |   2 |  434.0 |
       Dungeon |    868 |    868 |      0 |    413 |    188 |   2 |  434.0 |
               +--------+--------+--------+--------+--------+-----+--------+

Top non-repeatable levels by time:
     D:1: 611 daAuts
     D:2: 256 daAuts
